 Dungeon Crawl Stone Soup version 0.30.0-18-gc0e69614cb (webtiles) character file.

Game seed: 6273357958104723667

1885 H0rd4k the Cutter (level 9, -8/66 HPs)
             Began as a Human Artificer on May 22, 2023.
             Was an Initiate of Gozag.
             Killed from afar by an electric eel (12 damage)
             ... with a bolt of electricity
             ... on level 7 of the Dungeon on May 23, 2023.
             The game lasted 00:07:53 (5951 turns).

H0rd4k the Cutter (Human Artificer)                 Turns: 5951, Time: 00:07:54

Health: -8/66      AC:  5    Str: 12    XL:     9   Next: 36%
Magic:  9/9        EV: 20    Int: 19    God:    Gozag
Gold:   261        SH:  0    Dex: 20    Spells: 8/8 levels left

rFire   . . .        s - +1 rapier (speed)
rCold   . . .        (no shield)
rNeg    . . .        b - +0 leather armour
rPois   .            n - +1 helmet {Int+3}
rElec   .            l - scarf {harm}
rCorr   .            (no gloves)
SInv    .            (no boots)
Will    .....        x - amulet of regeneration
Stlth   ++           k - +6 ring of dexterity
HPRegen 1.11/turn    i - +5 ring of evasion
MPRegen 0.11/turn

%: harm (+30% outgoing, +20% incoming)
@: mighty, very slow
A: no striking features
a: Renounce Religion, Potion Petition, Call Merchant, Bribe Branch


You were on level 7 of the Dungeon.
You worshipped Gozag.
Gozag was aware of your devotion.
You visited 2 branches of the dungeon, and saw 8 of its levels.

You collected 393 gold pieces.
You paid 132 gold pieces to Gozag.

Inventory:

Hand Weapons
 s - a +1 rapier of speed (weapon)
 F - the +8 hand axe of Ignis, Blushing {protect, +Blink rElec Will- Int+6}
   (You found it on level 6 of the Dungeon)

   Int:       It affects your intelligence (+6).
   rElec:     It insulates you from electricity.
   +Blink:    It lets you blink.
   Will:      It decreases your willpower.
Missiles
 m - 21 poisoned darts
Armour
 b - a +0 leather armour (worn)
 l - a scarf of harm (worn)
 n - a +1 helmet of intelligence (worn)
Magical Staves
 q - a staff of death
 y - a staff of air
 E - a staff of poison
Jewellery
 i - a +5 ring of evasion (right hand)
 k - a +6 ring of dexterity (left hand)
 x - an amulet of regeneration (around neck)
Wands
 c - a wand of flame (5) (quivered)
 d - a wand of charming (4)
 e - a wand of iceblast (3)
Scrolls
 a - a scroll of enchant weapon {unknown}
 g - 7 scrolls of identify {unknown}
 h - 7 scrolls of teleportation {unknown}
 v - 2 scrolls of amnesia {unknown}
 z - 2 scrolls of poison {unknown}
 A - 2 scrolls of fog {unknown}
 C - a scroll of noise {unknown}
 G - a scroll of silence {unknown}
 I - a scroll of immolation {unknown}
Potions
 f - 2 potions of heal wounds {unknown}
 j - 2 potions of berserk rage {unknown}
 o - a potion of cancellation {unknown}
 p - 2 potions of might
 r - a potion of degeneration {unknown}
 t - a potion of haste {unknown}
 u - 3 potions of flight {unknown}
 w - 3 potions of curing {unknown}
 B - a potion of magic {unknown}
 D - 2 potions of brilliance {unknown}
 H - a potion of lignification {unknown}
 J - 2 potions of ambrosia {unknown}


   Skills:
 + Level 4.3 Fighting
 + Level 6.7 Short Blades
 - Level 1.4 Maces & Flails
 - Level 2.0 Armour
 + Level 5.4 Dodging
 + Level 4.6 Stealth
 + Level 4.9 Evocations


You had 8 spell levels left.
You didn't know any spells.
Your spell library contained the following spells:

 Spells                   Type           Power      Damage    Failure   Level
 Sandblast                Erth           0%         2d4       26%         1
 Lesser Beckoning         Tloc           0%         N/A       36%         2
 Passwall                 Tmut/Erth      0%         N/A       36%         2
 Call Canine Familiar     Summ           0%         N/A       61%         3
 Frozen Ramparts          Ice            0%         1d1       61%         3
 Gell's Gravitas          Tloc           0%         N/A       61%         3
 Portal Projectile        Hex/Tloc       0%         N/A       61%         3
 Stone Arrow              Conj/Erth      0%         3d7       61%         3
 Teleport Other           Tloc           0%         N/A       61%         3
 Ice Form                 Ice/Tmut       0%         N/A       95%         4
 Leda's Liquefaction      Hex/Erth       0%         N/A       95%         4
 Summon Ice Beast         Ice/Summ       0%         N/A       95%         4
 Dispersal                Tloc           0%         N/A       100%        6


Dungeon Overview and Level Annotations

Branches:
Dungeon (7/15)             Temple (1/1) D:7

Altars:
Ashenzari
Cheibriados
Elyvilon
Gozag
Kikubaaqudgha
Nemelex Xobeh
Okawaru
Qazlal
Trog
Xom
Yredelemnul
Zin
The Shining One

Shops:
D:2 ?   D:4 (   D:5 (   D:6 (

Annotations:
D:3 1 runed translucent door, exclusion: door, Crazy Yiuf


Message History

You puncture the electric eel!
The electric eel is severely wounded.
The electric eel shoots out a bolt of lightning at you!
The bolt of electricity misses you.
Your unstable footing causes you to fumble your attack.
Your unstable footing causes you to fumble your attack.
The electric eel shoots out a bolt of lightning at you!
The bolt of electricity hits you!
You hit the electric eel.
The electric eel is severely wounded.
Your unstable footing causes you to fumble your attack.
The electric eel shoots out a bolt of lightning at you!
The bolt of electricity hits you!
Your unstable footing causes you to fumble your attack.
The electric eel shoots out a bolt of lightning at you!
The bolt of electricity hits you!
You closely miss the electric eel.
The electric eel is severely wounded.
You barely miss the electric eel.
The electric eel is severely wounded.
You barely miss the electric eel.
The electric eel is severely wounded.
Your unstable footing causes you to fumble your attack.
The electric eel shoots out a bolt of lightning at you!
The bolt of electricity hits you!
* * * LOW HITPOINT WARNING * * *
The electric eel shoots out a bolt of lightning at you!
The bolt of electricity hits you!
* * * LOW HITPOINT WARNING * * *
Aiming: Charm
Press: ? - help, Shift-Dir - straight line, f - electric eel
Aim: an electric eel (severely wounded, chance to affect: 70%)
The electric eel is charmed.
Unknown command.
It was a potion of might.
You feel very mighty all of a sudden.
The electric eel shoots out a bolt of lightning at you!
The bolt of electricity hits you!
You die...
Your body crumbles into a pile of gold.

.~ ~~~ ~~♣ ♣.♣♣
#♣♣♣♣♣♣~~♣♣♣
##P~~P~~~~~P♣♣~
#..~.S@~~.~..S.
#.♣♣♣♣~~~~♣♣♣.
#.♣♣♣♣♣♣~~♣ $
#####.#.##♣P~P♣
^........♣♣.~♣♣
#####..♣♣~~P♣
#####.......♣♣..♣#
#..............#.#
+......###.<.....#


You could see an electric eel and a friendly electric eel (charmed).

Vanquished Creatures
  A water moccasin (D:5)
  2 ice beasts
  A centaur (D:5)
  A phantom (D:4)
  A bullfrog (D:6)
  Blork the orc (D:4)
  5 scorpions
  2 gnoll sergeants (D:6)
  An electric eel (D:7)
  8 hounds
  3 jellies
  A gnoll bouda (D:4)
  An orc priest (D:7)
  2 sleepcaps
  4 iguanas
  An orc wizard (D:7)
  7 gnolls
  10 adders
  A shadow imp (D:6)
  2 worms
  2 dart slugs
  6 orcs
  12 endoplasms
  5 giant cockroaches
  4 goblins
  7 hobgoblins
  3 jackals
  4 quokkas
  3 ball pythons (D:2)
  4 bats
  3 frilled lizards
  6 kobolds
  6 rats
120 creatures vanquished.

Vanquished Creatures (collateral kills)
  2 gnoll boudas (D:6)
  A gnoll (D:6)
3 creatures vanquished.

Vanquished Creatures (others)
  A phantom (D:5)
  2 orc wizards
  A gnoll (D:4)
4 creatures vanquished.

Grand Total: 127 creatures vanquished

Notes
Turn   | Place    | Note
-------+----------+-------------------------------------------
     0 | D:1      | H0rd4k the Human Artificer began the quest for the Orb.
     0 | D:1      | Reached XP level 1. HP: 15/15 MP: 1/1
   746 | D:1      | Found a faded altar of an unknown god.
   896 | D:1      | Reached XP level 2. HP: 19/21 MP: 2/2
  1095 | D:2      | Reached XP level 3. HP: 26/26 MP: 3/3
  1536 | D:2      | Found a shimmering altar of Xom.
  1550 | D:2      | Reached XP level 4. HP: 30/32 MP: 4/4
  1691 | D:2      | Found Zefung's Magic Scroll Boutique.
  1750 | D:2      | Reached skill level 1 in Maces & Flails
  2526 | D:3      | Reached XP level 5. HP: 37/37 MP: 5/5
  2534 | D:3      | Reached skill level 1 in Short Blades
  2803 | D:3      | Found a runed translucent door.
  2804 | D:3      | Noticed Crazy Yiuf
  2909 | D:4      | Noticed a phantom
  2962 | D:4      | Killed a phantom
  2963 | D:4      | Reached skill level 2 in Short Blades
  2963 | D:4      | Reached XP level 6. HP: 24/44 MP: 6/6
  3288 | D:4      | Found Koodwusu's Antique Weapon Shop.
  3488 | D:4      | Found a snail-covered altar of Cheibriados.
  3570 | D:4      | Reached skill level 3 in Short Blades
  3570 | D:4      | Reached XP level 7. HP: 51/51 MP: 7/7
  3910 | D:4      | Noticed Blork the orc
  3921 | D:4      | Killed Blork the orc
  4018 | D:5      | Entered Level 5 of the Dungeon
  4061 | D:5      | Reached skill level 4 in Short Blades
  4214 | D:5      | Reached XP level 8. HP: 48/57 MP: 8/8
  4360 | D:5      | Found Tihyxur's Weapon Shoppe.
  4494 | D:5      | Reached skill level 5 in Short Blades
  4859 | D:6      | Reached XP level 9. HP: 59/65 MP: 9/9
  4861 | D:6      | Identified the +8 hand axe of Ignis, Blushing {protect,
                  | +Blink rElec Will- Int+6}
  4873 | D:6      | Reached skill level 6 in Short Blades
  4873 | D:6      | Reached skill level 5 in Dodging
  4955 | D:6      | Found Asoc's Antique Weapon Shop.
  5471 | D:7      | Found a staircase to the Ecumenical Temple.
  5479 | Temple   | Entered the Ecumenical Temple
  5567 | Temple   | Became a worshipper of Gozag Ym Sagoz the Greedy
  5920 | D:7      | Upgraded the game from 0.30.0-17-ge0270778cf to
                  | 0.30.0-18-gc0e69614cb
  5949 | D:7      | HP: 2/66 [electric eel/bolt of electricity (8)]
  5951 | D:7      | Killed from afar by an electric eel

Illustrated notes

Levels and vault maps discovered:
D:1:      dpeg_arrival_shelter, layout_basic, ebering_ecumenical_altar_webs
D:2:      layout_loops_ring, basic_altar, serial_shops, shop,
          kennysheep_generic_room_13
D:3:      layout_basic, uniq_crazy_yiuf_cottage
D:4:      layout_basic, mainiacjoe_overflow_alcove_4, serial_shops,
          nicolae_shop_dealshenge, uniq_blork_the_orc
D:5:      layout_rooms, serial_aquarium, aquarium_bridge_straight
          [aquarium_subvault_bridge, aquarium_subvault_wall,
          aquarium_subvault_bridge, aquarium_subvault_wall],
          aquarium_window_corner, aquarium_window_fake, aquarium_window_fake,
          aquarium_window_2, aquarium_view_2c, aquarium_view_2c, serial_shops,
          nicolae_shop_bloodbath_and_beyond, serial_bayou_pond_b
D:6:      layout_loops_ring, serial_shops, shop, pf_guarded_unrand_woodcutter
D:7:      layout_basic, general_overflow_altar,
          gammafunk_temple_overflow_statue, minmay_temple_entry_tees,
          serial_bayou, serial_bayou_crossing, serial_bayou_pond_e,
          serial_bayou_lagoon_a, serial_bayou_shore_b, serial_bayou_pond_e
Temple:   bh_familiar_temple

Skill      XL: |  1  2  3  4  5  6  7  8  9 |
---------------+----------------------------+-----
Evocations     | 4 |  4.9
Maces & Flails | 1 |  1.4
Short Blades   | 2 3 4 5 6 |  6.7
Dodging        | 2 3 4 5 |  5.4
Stealth        | 2 3 4 |  4.6
Fighting       | 2 3 4 |  4.3
Armour         | |  2.0

Action                     |  1- 3 |  4- 6 |  7- 9 || total
---------------------------+-------+-------+-------++-------
  Melee: Club              |   123 |    80 |       ||   203
         Punch             |     1 |     2 |     2 ||     5
         Rapier            |       |   129 |   235 ||   364
  Evoke: Wand              |     4 |     3 |    16 ||    23
    Use: Potion            |       |       |     1 ||     1
   Stab: Sleeping          |     3 |     9 |     8 ||    20
         Betrayed ally     |       |       |     1 ||     1
 Armour: Leather armour    |    25 |    46 |    26 ||    97
  Dodge: Dodged            |   120 |   142 |   165 ||   427
